 Dungeon Crawl Stone Soup version 0.32-a0-818-gb728d0252e (webtiles) character file.

Game seed: 9324356600580394262

87 epen the Insei (level 4, -5/33 HPs)
             Began as an Octopode Monk on Mar 25, 2024.
             Slain by a goblin
             ... wielding a +0 club
             ... led by Robin
              (6 damage)
             ... on level 3 of the Dungeon.
             The game lasted 00:02:21 (1118 turns).

epen the Insei (Octopode Monk)                      Turns: 1118, Time: 00:02:21

Health: -5/33      AC:  1    Str: 10    XL:     4   Next: 51%
Magic:  4/4        EV: 13    Int: 12    God:
Gold:   107        SH:  0    Dex: 16    Spells: 3/3 levels left

rFire   . .          .
                       - Unarmed
rCold   . . .        b - orb {light}
rNeg    . . .        (helmet restricted)
rPois   .            (no amulet)
rElec   .            (no ring)
rCorr   .            (no ring)
SInv    .            (no ring)
Will    .....        (no ring)
Stlth   +            (no ring)
HPRegen 0.25/turn    (no ring)
MPRegen 0.09/turn    (no ring)
                     (no ring)

%: no passive effects
@: hasted, glowing, very quick
A: almost no armour, amphibious, 8 rings, camouflage 1, gelatinous body 1,
(nimble swimmer 1), tentacles
a: no special abilities


You were on level 3 of the Dungeon.
You visited 1 branch of the dungeon, and saw 3 of its levels.

You collected 107 gold pieces.

Inventory:

Missiles
 f - 8 poisoned darts (quivered)
Armour
 b - an orb of light (worn)
Jewellery
 d - a +6 ring of strength
Talismans
 k - a beast talisman
Wands
 n - a wand of flame (14)
Scrolls
 e - 2 scrolls of identify {unknown}
 i - 2 scrolls of teleportation {unknown}
 j - a scroll of fear {unknown}
Potions
 a - 2 potions of ambrosia
 c - 3 potions of haste
 h - a potion of magic {unknown}
 l - a potion of invisibility {unknown}
 m - a potion of lignification {unknown}
 o - a potion of degeneration {unknown}


   Skills:
 + Level 3.6 Fighting
 + Level 3.7 Dodging
 * Level 4.1 Unarmed Combat


You had 3 spell levels left.
You didn't know any spells.
Your spell library was empty.

Dungeon Overview and Level Annotations

Branches:
Dungeon (3/15)

Altars:

Annotations:
D:3 Robin


Innate Abilities, Weirdness & Mutations

You cannot wear most types of armour.
You are amphibious.
You can wear up to eight rings at the same time.
Your skin changes colour to match your surroundings (Stealth+).
Your rubbery body absorbs attacks. (AC +1, EV +1)
((You are camouflaged when in or above water. (Stealth+)))
You have tentacles for arms and can constrict up to eight enemies at once.


Message History

The goblins go into a battle-frenzy!
The orc attacks as it pursues you! The orc barely misses you.
You hear an angry hiss.
Things that are here:
a +0 club; a goblin corpse Sorry, you're not good enough to have a special ability.
Sorry, you're not good enough to have a special ability.
Robin throws the goblin at you! The goblin hits you with a +0 club.
An orc priest comes into view. It is wielding a +0 short sword.
The orc priest shouts!
An orc comes into view. It is wielding a +0 hand axe.
The orc priest shouts, "Beogh offers mercy even to people such as you.
Join us and be reborn!" (press Y on the ability menu to convert to Beogh) It was a potion of haste.
You feel yourself speed up.
The orc shouts!
The goblin hits you with a +0 club.
* * * LOW HITPOINT WARNING * * *
It was a potion of curing.
You feel better. The orc barely misses you.
You tentacle-slap the goblin. You grab the goblin.
You tentacle-slap the goblin.
The goblin is severely wounded.
You constrict the goblin.
You kill the goblin!
The orc priest invokes the aid of Beogh against you.
You barely resist.
An orc comes into view. It is wielding a +0 club.
The goblin unwields a +0 club.
The goblin wields a +0 sling.
The goblin shoots a sling bullet.
The sling bullet misses you.
The sling bullet barely misses the orc.
An orc comes into view. It is wielding a +0 club.
The orc hits you from afar with a +0 trident!
* * * LOW HITPOINT WARNING * * *
You see here a +0 club.
An adder comes into view.
The orc hits you from afar with a +0 trident!
* * * LOW HITPOINT WARNING * * *
The goblin unwields a +0 sling.
The goblin wields a +0 club.
The goblin hits you with a +0 club.
You die...

......#..###### #
............#.##.
..#...#.#...#...
..<.###.#.###.# #
#.. #.......# . ...
###....## .# #.##.#
##o# ...##)##### ...
######....@##.###..o
#####g)....oo.#
#lo###+###.. #g##
#g# #†).# #.#..#
#S##... #g. ##g#


You could see Robin, an adder, 3 orcs, 2 goblins and a frilled lizard.

Vanquished Creatures
  2 gnolls
  2 adders (D:2)
  An orc (D:3)
  4 ball pythons (D:2)
  3 bats
  6 endoplasms
  4 goblins
  5 hobgoblins
  6 quokkas
  4 frilled lizards
  3 kobolds (D:1)
  5 rats
45 creatures vanquished.

Notes
Turn   | Place    | Note
-------+----------+-------------------------------------------
     0 | D:1      | epen the Octopode Monk began the quest for the Orb.
     0 | D:1      | Reached XP level 1. HP: 16/16 MP: 1/1
   195 | D:1      | Reached XP level 2. HP: 16/21 MP: 2/2
   280 | D:1      | Found a faded altar of an unknown god.
   516 | D:1      | Reached XP level 3. HP: 17/26 MP: 3/3
   793 | D:2      | Reached XP level 4. HP: 31/31 MP: 4/4
  1082 | D:3      | Reached skill level 4 in Unarmed Combat
  1105 | D:3      | Noticed Robin
  1118 | D:3      | HP: 1/33 [orc/+0 trident (7)]
  1118 | D:3      | Slain by a goblin

Illustrated notes

Levels and vault maps discovered:
D:1:      minmay_arrival_solitary_statue, layout_basic,
          ebering_ecumenical_altar_mist, nicolae_grassy_gnolls
D:2:      layout_rooms, serial_forest, infiniplex_forest_end_1,
          infiniplex_forest_lined_2, infiniplex_forest_clump_small,
          infiniplex_forest_3_way
D:3:      layout_basic, ebering_ghost_disaster_area, minmay_box_of_dots,
          uniq_robin

Skill      XL: |  1  2  3  4 |
---------------+-------------+-----
Unarmed Combat | 4 |  4.1
Fighting       | |  3.6
Dodging        | |  3.7

Action                     |  1- 3 |  4- 6 || total
---------------------------+-------+-------++-------
  Melee: Unarmed           |    53 |    19 ||    72
         Constrict         |    16 |     7 ||    23
         Tentacles         |    12 |     4 ||    16
         Punch             |       |     1 ||     1
    Use: Potion            |       |     2 ||     2
   Stab: Sleeping          |     1 |     4 ||     5
 Armour: Skin              |    16 |    12 ||    28
  Dodge: Dodged            |    34 |    14 ||    48

Table legend: (Time is in decaauts)
 A = Elapsed time spent in this place.
 B = Non-inter-level travel time spent in this place.
 C = Inter-level travel time spent in this place.
 D = Time resting spent in this place.
 E = Time spent auto-exploring this place.
 F = Levels seen in this place.
 G = Mean time per level.
                   A        B        C        D        E       F      G
               +--------+--------+--------+--------+--------+-----+--------+
         Total |   1111 |   1073 |     38 |      0 |    853 |   3 |  370.3 |
       Dungeon |   1111 |   1073 |     38 |      0 |    853 |   3 |  370.3 |
               +--------+--------+--------+--------+--------+-----+--------+

Top non-repeatable levels by time:
     D:1: 636 daAuts
     D:2: 399 daAuts
     D:3: 75 daAuts
